 Dungeon Crawl Stone Soup version 0.21.1-1-g345015fe64 (webtiles) character file.

46 Redear the Insei (level 3, -1/19 HPs)
             Began as a Vine Stalker Monk on Mar 9, 2018.
             Slain by a gnoll
             ... wielding a +0 spear
              (4 damage)
             ... on level 2 of the Dungeon.
             The game lasted 00:05:05 (2029 turns).

Redear the Insei (Vine Stalker Monk)                Turns: 2029, Time: 00:05:06

Health: -1/19      AC:  2    Str: 14    XL:     3   Next: 66%
Magic:  0/4        EV: 13    Int: 10    God:
Gold:   13         SH:  0    Dex: 16    Spells: 2/2 levels left

rFire    x . .     SeeInvis .     - Unarmed
rCold    + . .     Gourm    .   (no shield)
rNeg     . . .     Faith    .   a - +0 robe
rPois    .         Spirit   +   (no helmet)
rElec    .         Reflect  .   (no cloak)
rCorr    .         Harm     .   (no gloves)
MR       .....                  (no boots)
Stlth    ++........             (no amulet)
HPRegen  0.06/turn              d - ring of ice
MPRegen  0.09/turn              (no ring)

@: no status effects
A: fangs 2, magic shield, antimagic bite, no potion heal 3, rot immunity
a: no special abilities


You were on level 2 of the Dungeon.
You were not hungry.

You visited 1 branch of the dungeon, and saw 2 of its levels.

You collected 13 gold pieces.

Inventory:

Armour
 a - a +0 robe (worn)
Jewellery
 d - a ring of ice (left hand)
 q - an uncursed ring of stealth {unknown}
Scrolls
 c - a scroll of random uselessness {unknown}
 e - 4 scrolls of magic mapping {unknown}
 j - 2 scrolls of teleportation {unknown}
 m - a scroll of enchant armour {unknown}
 n - a scroll of remove curse {unknown}
 r - a scroll of amnesia {unknown}
Potions
 f - 4 potions of lignification {unknown}
 g - 2 potions of degeneration {unknown}
 h - a potion of brilliance {unknown}
 i - 2 potions of resistance {unknown}
 l - a potion of heal wounds {unknown}
 o - a potion of might {unknown}
 p - a potion of invisibility {unknown}
Comestibles
 b - 2 rations
 k - 4 chunks of flesh


   Skills:
 - Level 2.6 Fighting
 - Level 2.5 Dodging
 - Level 2.4 Stealth
 + Level 4.4 Unarmed Combat


You had 2 spell levels left.
You didn't know any spells.

Dungeon Overview and Level Annotations

Branches:
Dungeon (2/15)

Altars:


Innate Abilities, Weirdness & Mutations

You have extremely sharp teeth.
When hurt, damage is shared between your health and your magic reserves.
Your bite disrupts and absorbs the magic of your enemies.
Potions cannot restore your health.
You are immune to rotting.


Message History

The gnoll is severely wounded.
The bat barely misses you. The gnoll hits you with a spear!
You barely miss the gnoll.
The gnoll is severely wounded.
The bat barely misses you. The gnoll hits you with a spear. The bat misses you.
The gnoll closely misses you. The bat closely misses you. The bat hits you.
* * * LOW HITPOINT WARNING * * *
The bat hits you.
* * * LOW HITPOINT WARNING * * *
The bat hits you but does no damage. The bat closely misses you.
The bat misses you. The bat completely misses you.
You miss the bat. Your bite misses the bat. The bat hits you.
* * * LOW HITPOINT WARNING * * *
The bat hits you but does no damage.
The gnoll hits you from afar with a spear.
You die...

### ### #.#####<###.#
#...........#
#.#####@###.# ...#b# #.#
#####.#g# #.###########
#.....g.# #...........##
#..g.#### ######.......#
#....###########.......#
#......#.......#.......#
####...#.......#.......#
#rw.........######...


You could see a gnoll, a goblin and a bat.

Vanquished Creatures
  An adder (D:2)
  An ooze (D:1)
  A worm (D:2)
  A dart slug (D:1)
  A leopard gecko (D:1)
  A bat (D:2)
  5 goblins
  2 hobgoblins (D:1)
  3 jackals (D:1)
  3 frilled lizards (D:1)
  3 kobolds (D:1)
  3 rats
25 creatures vanquished.

Vanquished Creatures (others)
  A giant cockroach (D:1)
1 creature vanquished.

Grand Total: 26 creatures vanquished

Notes
Turn   | Place    | Note
-------+----------+-------------------------------------------
     0 | D:1      | Redear the Vine Stalker Monk began the quest for the Orb.
     0 | D:1      | Reached XP level 1. HP: 11/11 MP: 2/2
   411 | D:1      | Reached XP level 2. HP: 16/16 MP: 3/3
   838 | D:1      | Reached skill level 4 in Unarmed Combat
   838 | D:1      | Reached XP level 3. HP: 5/19 MP: 4/4
  2029 | D:2      | Slain by a gnoll

Skill      XL: |  1  2 |
---------------+-------+-----
Unarmed Combat | 4 |  4.4
Fighting       | |  2.6
Dodging        | |  2.5
Stealth        | |  2.4

Action                   || total
-------------------------++-------
Melee: Unarmed           ||    91
       Bite              ||    23
       Punch             ||     2
  Eat: Chunk             ||     3
Armor: Robe              ||    17
Dodge: Dodged            ||   111
